[Event "European Women-ch 2023"]
[Site "Petrovac"]
[Date "2023.03.25"]
[Round "7.4"]
[White "Kulon, Klaudia"]
[Black "Javakhishvili, Lela"]
[Result "1/2-1/2"]
[Annotator "TA"]
[ECO "C70"]
[WhiteElo "2290"]
[BlackElo "2443"]
[PlyCount "97"]
[EventDate "2023.03.15"]
[EventType "swiss"]
[EventCountry "MNE"]
[SourceTitle "playchess.com"]
[Source "ChessBase"]
[SourceQuality "1"]
[TimeControl "40/5400+30:1800+30"]

1. e4 e5 2. Nf3 Nc6 3. Bb5 a6 4. Ba4 Nge7 5. c3 Ng6 6. d4 {[%emt 0:03:36] C70: Ruy Lopez: 3...a6 4 Ba4, Norwegian and Delayed Schliemann.} exd4 7. cxd4 Bb4+ 8. Nc3 {[%emt 0:00:46] White is slightly better.} d5 9. exd5 {[%emt 0:01:47][%mdl 64] Pin} Bxc3+ {[%emt 0:00:56][%mdl 64] Remove Defender} 10. bxc3 Qxd5 11. O-O {[%emt 0:01:27][%cal Oc3c4] aiming for c4!} O-O $1 12. Bb3 Qh5 13. Ng5 Qxd1 14. Rxd1 {[%emt 0:00:02] [#] Strongly threatening Ba3.} h6 $146 ({Predecessor:} 14... Na5 15. f3 Bf5 16. Ne4 Nxb3 17. axb3 Rfe8 18. Re1 a5 19. c4 b6 20. Kf2 h5 {½-½ Lobanov,S (2531)-Romanov,E (2570) TUR-chT Ankara 2022 (2.4)}) 15. Ne4 Na5 16. Bc2 Rd8 17. a4 b6 18. Re1 Be6 19. f3 Bb3 20. Bb1 Re8 21. Kf2 Rad8 22. Bd3 Bc4 23. Bc2 Re6 24. Rb1 Ne7 25. g4 Ba2 26. Rb4 Re8 27. Rg1 Nd5 28. Rb2 Bc4 29. h4 Nb7 30. g5 h5 31. Bd2 c5 32. Re1 cxd4 33. cxd4 b5 {[%emt 0:04:36] [#]} (33... Nd8 $11) 34. axb5 $1 $16 axb5 35. Ng3 Rxe1 (35... Nd8 {is interesting.} 36. Be4 Nc6 37. Nxh5 Nxd4 38. Ng3 Nb3) 36. Bxe1 Nd8 37. Bd2 (37. Be4 $5 ) 37... Nc6 38. Be4 Nxd4 39. Bxd5 Bxd5 40. Bc3 Nxf3 41. Rxb5 Rc8 42. Bb2 {[%emt 0:10:18] [#]} (42. Bxg7 $11 {is more appropriate.} Bc6 43. Rc5) 42... Nxh4 $1 43. Nxh5 Rc2+ 44. Ke3 Bc6 (44... Bc4 $5 45. Rb4 (45. Rb8+ Kh7 $15) 45... Ba6 $15) 45. Rb8+ Kh7 46. Bxg7 Kg6 (46... Ng2+ $5 47. Kd3 Ne1+ 48. Ke3 Kg6 $15) 47. Bf6 $2 {[%emt 0:04:52][%mdl 8192] [#]} Kxh5 $2 (47... Ng2+ $1 $19 48. Kd4 Kxh5) 48. Rh8+ $1 $11 Kg6 {[%emt 0:00:45] White must now prevent ...Ng2+.} 49. Rxh4 {[%emt 0:00:06] Weighted Error Value: White=0.19 (very precise) /Black=0.15 (very precise)} 1/2-1/2

[Event "European Women-ch 2023"]
[Site "Petrovac"]
[Date "2023.03.25"]
[Round "7.4"]
[White "Zherebtsova, Alexandra"]
[Black "Aydin, Gulenay"]
[Result "1/2-1/2"]
[Annotator "TA"]
[ECO "E94"]
[WhiteElo "2155"]
[BlackElo "2039"]
[PlyCount "99"]
[EventDate "2023.03.15"]
[EventType "swiss"]
[EventCountry "MNE"]
[SourceTitle "playchess.com"]
[Source "ChessBase"]
[SourceQuality "1"]
[TimeControl "40/5400+30:1800+30"]

1. d4 d6 2. c4 Nf6 3. Nc3 g6 4. e4 Bg7 5. Be2 O-O 6. Nf3 e5 7. O-O Bg4 8. d5 a5 9. h3 {[%emt 0:01:10] E94: King's Indian: Classical: 6 Be2 e5 7 0-0: Various Black 7th moves.} Bxf3 10. Bxf3 Nbd7 11. Bg5 {[%emt 0:11:40] White is slightly better.} h6 12. Be3 Kh8 13. Qc2 {[%emt 0:04:24] [#]} Ng8 $146 ({Predecessor:} 13... Qe7 14. Rae1 Rg8 15. g3 Kh7 16. Kh2 Nc5 17. b3 Nfd7 18. a3 a4 19. b4 Nb3 {½-½ Lokvenc,J-Pilnik,H Vienna 5152 1951 (9)}) 14. a3 f5 15. b4 f4 {[%emt 0:00:00] Hoping for ...axb4.} 16. Bd2 h5 17. Nb5 b6 18. c5 {[%emt 0:09:21][%mdl 64] Deflection} bxc5 19. bxa5 Ndf6 20. Be2 g5 21. f3 Nh6 22. Kf2 g4 23. Rh1 (23. hxg4 $14 Nfxg4+ 24. Ke1 (24. fxg4 $2 Qh4+ 25. Kg1 Nxg4 $19)) 23... Qd7 $2 (23... gxf3 $15 {keeps the upper hand.} 24. Bxf3 Nf7) 24. hxg4 $16 hxg4 25. a4 Kg8 {[%emt 0:11:19] [#]} 26. a6 $1 Rfc8 (26... Nf7 27. a7) 27. a7 Kf8 28. Ba5 g3+ 29. Ke1 {[%emt 0:00:30] Active counter play!} c6 $2 (29... Nhg8 $16 30. Rd1 Ne7) 30. dxc6 $18 Qxc6 31. Bc4 d5 32. exd5 Nxd5 (32... Qa6) 33. Bxd5 Qxd5 34. Rd1 Qb7 35. Nd6 Qxa7 {[%emt 0:00:36] [#] Black is weak on the light squares} 36. Bc3 (36. Rxh6 $1 $18 {White wants to mate with Qf5+.} Qxa5+ 37. Kf1 Bxh6 38. Qf5+ Kg8 39. Nxc8 Qa6+ 40. Kg1 Qxc8 41. Rd7 (41. Qxe5 $2 {perishes.} Rxa4 42. Qd5+ Kh8 $19) 41... Qxd7 42. Qxd7) 36... Rd8 $14 {[%emt 0:00:42] [#]} 37. Rxh6 Bxh6 $11 {[%emt 0:00:30] The position is equal.} 38. Bxe5 {[%emt 0:01:32] Strongly threatening Rd5.} Qe7 (38... Qxa4 $2 {is a self mate.} 39. Qf5+ Kg8 40. Qf7#) 39. Qf5+ Kg8 {[%emt 0:00:30] White must now prevent ...Bg7.} 40. Kf1 {[%emt 0:01:11] And now Bf6 would win.} Rxa4 41. Qg6+ Bg7 42. Re1 {[%emt 0:15:51] Threatening mate with Nf5. Some like it hot} Ra6 43. Bxg7 Qxg7 (43... Qxd6 $2 {leads to mate.} 44. Bf6+ Kf8 45. Qg7#) 44. Qe6+ Kh7 45. Qf5+ Kg8 46. Qd5+ Kf8 47. Qf5+ Kg8 48. Qe6+ Kh7 49. Qh3+ Kg8 50. Qe6+ {[%emt 0:03:29] Black defended with fortune. An exciting game.   Weighted Error Value: White=0.31/Black=0.25 (precise)} 1/2-1/2

[Event "European Women-ch 2023"]
[Site "Petrovac"]
[Date "2023.03.25"]
[Round "7.5"]
[White "Arabidze, Meri"]
[Black "Garifullina, Leya"]
[Result "1-0"]
[Annotator "TA"]
[ECO "E20"]
[WhiteElo "2433"]
[BlackElo "2372"]
[PlyCount "97"]
[EventDate "2023.03.15"]
[EventType "swiss"]
[EventCountry "MNE"]
[SourceTitle "playchess.com"]
[Source "ChessBase"]
[SourceQuality "1"]
[TimeControl "40/5400+30:1800+30"]

1. d4 Nf6 2. c4 e6 3. Nc3 Bb4 4. f3 c5 5. d5 d6 6. e4 b5 {[%emt 0:00:20] E20: Nimzo-Indian: 4 g3 and 4 f3.} 7. Nge2 bxc4 8. Nf4 e5 {[%emt 0:00:15] The position is equal.} 9. Nfe2 Nbd7 10. Ng3 Nb6 11. Be2 Ng8 12. h4 Ne7 13. h5 {[%emt 0:00:18] [#] Against Ng6} f5 $146 ({Predecessor:} 13... h6 14. f4 exf4 15. Bxf4 g5 16. hxg6 Nxg6 17. Qd2 Qe7 18. O-O Bd7 19. Bxh6 O-O-O {0-1 Suleymanli,A (2541)-Brkic,A (2621) FIDE Grand Swiss 2021 (10)}) 14. h6 g6 15. f4 O-O {[%emt 0:05:20] And now ...exf4 would win.} 16. O-O $1 Bxc3 (16... Rb8 {is more complex.} 17. fxe5 dxe5 18. Bg5 Bxc3 19. bxc3 Qd6) 17. bxc3 fxe4 18. fxe5 Nexd5 (18... Nbxd5 $2 19. Bxc4 dxe5 20. Rxf8+ Kxf8 21. Bg5 $18) (18... dxe5 19. Bg5 Rxf1+ 20. Qxf1 $16) 19. Nxe4 Bf5 20. Bg5 (20. Nxd6 $5 Nxc3 21. Qd2 Nxe2+ 22. Qxe2 $11) 20... Qd7 (20... Qe8 {seems wilder.} 21. Nxd6 Qxe5 22. Nxc4 Qg3) 21. Nf6+ (21. Nxd6 $14 Nxc3 22. Qe1 Nxe2+ 23. Qxe2) 21... Nxf6 $11 22. exf6 Rae8 23. Qd2 d5 24. Bf3 Re6 25. Rfd1 (25. Rad1 $5 ) 25... Qf7 26. Qf2 (26. Bxd5 $2 Nxd5 27. Re1 Bd3 28. Rxe6 Qxe6 $19) 26... Bd3 27. Qxc5 Re5 28. Be3 {[%emt 0:02:19] White is more active.} Rc8 29. Qd4 Rce8 30. Bf2 {[%emt 0:06:02] This pair of bishops is nice.} ({White should try} 30. Bf4 $16 R5e6 31. Bg5 (31. Bxd5 $2 Nxd5 32. Qxd5 Re1+ 33. Rxe1 Rxe1+ 34. Rxe1 Qxd5 $19)) 30... Rf5 {[%emt 0:02:43] [#] White leaves nothing to chance now.} (30... Qxf6 $11 {and Black is okay.} 31. a4 Be4 32. Bxe4 dxe4) 31. Re1 $1 $18 {[%emt 0:01:50] Threatens to win with Rxe8+.} Be4 32. Bxe4 dxe4 33. Rxe4 Rxe4 34. Qxe4 {[%emt 0:00:06] Bxb6 would be deadly.} Rxf6 35. Rd1 {[%emt 0:01:22] Rd8+ would kill now.} Qc7 {[%emt 0:01:26] Inhibits Rd8+.} (35... Nd7) 36. Bd4 $2 (36. Bh4 g5 {[%mdl 64] Decoy} 37. Bxg5 Qc5+ 38. Kh2 Rxh6+ {[%mdl 64] Decoy} 39. Bxh6 Qh5+ 40. Kg3 Qg6+ 41. Qxg6+ {[%mdl 64] Remove Defender} hxg6 42. Rd6) 36... Rf8 (36... Qd6 37. Re1 (37. Bxf6 Qxd1+ 38. Kh2 Qd6+ 39. Be5 Qe6 $14) 37... Rf5) 37. Qe6+ Rf7 {[%emt 0:00:25] Black is weak on the dark squares} 38. Re1 Qf4 39. Qe8+ Rf8 40. Qe6+ $40 {[%emt 0:00:00][%mdl 128] Black needs to defend precisely.} Rf7 $1 41. a4 Nd7 42. Qxc4 a5 43. Qd5 {[%emt 0:08:58] Intending Re8+ and mate.} Qxh6 44. Rf1 ({Not} 44. Re7 Qc1+ 45. Kh2 Qf4+ 46. g3 Qh6+ 47. Kg1 Qc1+ 48. Kh2 Qh6+ 49. Kg2 Qd2+ 50. Kg1 (50. Kh3 Qh6+ 51. Kg2 Qd2+ 52. Kg1 Qd1+ 53. Kh2 Qd2+ 54. Kh3 Qh6+ 55. Kg2 $11) 50... Qd1+ 51. Kh2 (51. Kg2 Qd2+ 52. Kh3 Qh6+ 53. Kg2 Qd2+ $11) 51... Qd2+ 52. Kg1 (52. Kh3 Qh6+ 53. Kg2 Qd2+ 54. Kg1 Qd1+ 55. Kh2 Qd2+ 56. Kh3 Qh6+ 57. Kg2 $11) 52... Qd1+ 53. Kh2 (53. Kg2 Qd2+ 54. Kh3 Qh6+ 55. Kg2 Qd2+ $11) 53... Qd2+ 54. Kg1 $11 (54. Kh3 Qh6+ 55. Kg2 Qd2+ 56. Kg1 $11)) 44... Qf8 45. c4 Qe8 46. c5 {[%emt 0:00:53] aiming for c6.} ({Less strong is} 46. Qxa5 Rxf1+ 47. Kxf1 Qf7+ 48. Kg1 Qxc4 49. Qd8+ Nf8 $16) 46... Nf8 47. Rxf7 {[%emt 0:01:38][%mdl 64] Deflection. White mates.} Qxf7 48. Qe5 Qd7 {[%emt 0:00:36] [#]} 49. c6 $1 {[%emt 0:00:11][%mdl 576] Discovered Attack. A cool game by Arabidze.   Weighted Error Value: White=0.55/Black=0.36} 1-0

[Event "European Women-ch 2023"]
[Site "Petrovac"]
[Date "2023.03.25"]
[Round "7.5"]
[White "Schulze, Lara"]
[Black "Badelka, Olga"]
[Result "1-0"]
[Annotator "TA"]
[ECO "C48"]
[WhiteElo "2277"]
[BlackElo "2428"]
[PlyCount "147"]
[EventDate "2023.03.15"]
[EventType "swiss"]
[EventCountry "MNE"]
[SourceTitle "playchess.com"]
[Source "ChessBase"]
[SourceQuality "1"]
[TimeControl "40/5400+30:1800+30"]

1. e4 e5 2. Nf3 Nc6 3. Nc3 Nf6 4. Bb5 Bd6 5. O-O O-O 6. d3 {[%emt 0:00:26] C48: Four Knights: 4 Bb5, replies other than 4...Bb4.} h6 7. a4 Re8 {[%emt 0:02:45] [#]} 8. a5 $146 {[%emt 0:02:05] The position is equal.} ({Predecessor:} 8. h3 Bf8 9. Re1 a6 10. Bc4 d6 11. Ne2 Be6 12. Ng3 d5 13. exd5 Bxd5 14. b3 Bxf3 15. Qxf3 {½-½ Kollars,D (2622)-Hansen,S (2526) Titled Tuesday intern op 28th Dec blitz 2021 (6)}) 8... Nb4 (8... a6 $5 9. Bxc6 dxc6 $11) 9. Bc4 Bf8 (9... c6 {with more complications.} 10. d4 exd4 11. Qxd4 Qe7) 10. Re1 a6 11. Bb3 d6 12. h3 c5 13. Bd2 Be6 14. Bxe6 Rxe6 15. Ne2 d5 16. Ng3 Nc6 17. Nf5 Qd7 18. g4 dxe4 19. dxe4 Rd8 20. c3 Nh7 (20... g6 $15 21. Nxh6+ Bxh6 22. Bxh6 Rd6) 21. Qe2 Qd3 22. Kf1 Nf6 (22... Qb5 $11) 23. Qxd3 $1 $14 Rxd3 24. Ke2 Rd7 25. Ra4 h5 26. g5 Ne8 27. Bc1 Be7 28. Nxe7+ Rexe7 (28... Nxe7 $14 29. Be3 Ng6) 29. Be3 $16 c4 30. Nd2 Nd6 31. Bb6 (31. Nxc4 Nxc4 32. Rxc4 Nxa5) 31... f6 32. Rg1 Re6 (32... Kf7 $142) 33. f3 f5 34. exf5 (34. Nxc4 $6 fxe4 35. fxe4 Nxe4 $11) 34... Nxf5 35. Rxc4 (35. Ne4 $16) 35... Red6 36. Ne4 Rd3 (36... Rd5 $16) 37. b4 ({White should play} 37. g6 $1 $18) 37... h4 (37... Kh7 $16 {might work better.}) 38. Kf2 $2 (38. Bf2 $18) 38... Nd6 (38... Nce7 $1 $14) 39. Nxd6 Rd2+ 40. Ke3 $1 R7xd6 41. Re1 (41. Bd4 $6 Rh2 42. Bc5 Rdd2 $11) ({Better is} 41. Bc5 $1 $16 R6d3+ 42. Ke4) 41... Kf7 42. Re2 Rd1 43. Kf2 (43. Rxh4 R6d3+ 44. Kf2 Rxc3 $11) (43. Bc5 {feels hotter.} R6d3+ 44. Ke4 Ke6 45. Rc2) 43... R6d3 {[%emt 0:04:19] [#]} 44. Be3 (44. Rxh4 Rxc3 45. Rhe4 Kg6 $11) (44. Rc2 $1 $16) 44... Kg6 45. Rc2 (45. Rxh4 $14 Rxc3 46. Rh8) 45... Kh5 (45... Ne7 $11 {remains equal.}) 46. Rc1 Rxc1 47. Bxc1 {[%emt 0:00:01][%mdl 4096] Endgame KRB-KRN} Rd1 48. Be3 Rb1 49. Rg4 {[%emt 0:02:30] Black must now prevent g6.} Nd8 50. g6 {[%emt 0:03:22] Rg5+ is the strong threat.} Ne6 {[%emt 0:00:04] Prevents Rg5+.} 51. Ke2 (51. Re4 $16 Kxg6 52. Ke2 (52. Rxe5 Kf6 $16)) 51... Rh1 $1 $11 52. Kd3 Rxh3 53. Ke4 Rg3 $2 {[%emt 0:01:37][%mdl 8192] White stays focused until the end.} (53... Rh2 $11) 54. Rxg3 $18 (54. Kxe5 $2 {perishes.} Rxf3 55. Re4 h3 $19) 54... hxg3 55. Kxe5 {[%emt 0:00:54] KB-KN} Nc7 56. c4 {[%emt 0:00:45] Kd6 would be deadly.} g2 57. Kd6 Ne8+ 58. Kd7 Nf6+ 59. Kc7 Kh4 60. Kxb7 Kg3 61. Kxa6 Kxf3 62. Bg1 {[%emt 0:00:13] Strongly threatening Kb5.} Ke2 63. Kb5 Kf1 64. Bd4 Ne4 {[%emt 0:00:30] [#]} 65. a6 $1 {[%emt 0:00:16][%cal Oa6a7] Threatening mate with a7!} (65. Bxg7 $2 {is the wrong capture.} g1=Q 66. c5 Qxg6 $19) 65... Nf2 66. a7 {[%emt 0:00:51][%cal Od4f2] Bxf2! would kill now.} (66. Bxg7 $2 g1=Q 67. a7 Qg2 $19) 66... g1=Q 67. a8=Q {[%emt 0:00:28] Intending Qa1+ and mate. KQB-KQN} (67. a8=B $2 {too greedy.} Qxg6 68. Bxf2 Kxf2 $19) 67... Qg5+ 68. Qd5 Qxg6 69. Qf3 {[%emt 0:00:45][%csl Gd4][%cal Rf3f2] White mates.} Qe8+ 70. Ka5 Qd8+ 71. Bb6 Qd2 72. Qxf2+ Qxf2 73. Bxf2 Kxf2 74. c5 {[%emt 0:00:07] Weighted Error Value: White=0.25 (precise) /Black=0.31} 1-0

[Event "European Women-ch 2023"]
[Site "Petrovac"]
[Date "2023.03.25"]
[Round "7.5"]
[White "Lomaia, Diana"]
[Black "Ivekovic, Tihana"]
[Result "1/2-1/2"]
[Annotator "TA"]
[ECO "E21"]
[WhiteElo "1950"]
[BlackElo "2132"]
[PlyCount "111"]
[EventDate "2023.03.15"]
[EventType "swiss"]
[EventCountry "MNE"]
[SourceTitle "playchess.com"]
[Source "ChessBase"]
[SourceQuality "1"]
[TimeControl "40/5400+30:1800+30"]

1. d4 Nf6 2. c4 e6 3. Nc3 Bb4 4. Nf3 b6 5. Qb3 c5 6. dxc5 {[%emt 0:00:12] E21: Nimzo-Indian: 4 Nf3.} Bxc5 7. Bf4 Nc6 8. e3 O-O 9. Rd1 Bb7 10. Be2 Be7 11. O-O Rc8 {[%emt 0:00:56] [#]} 12. Qc2 $146 ({Predecessor:} 12. Qa4 Na5 13. Nb5 Bxf3 14. gxf3 Nh5 15. Be5 Nc6 16. Nxa7 Nxe5 17. Nxc8 Qxc8 18. f4 Nxf4 19. exf4 {1-0 Orzech,D (2462)-Marszalek,M (2392) Karpacz op 2009 (7)}) 12... Nh5 13. Bd6 Bxd6 14. Rxd6 Qe7 15. Rfd1 Rfd8 16. a3 Nf6 (16... Na5 $5 ) 17. b4 Ne8 18. R6d2 d6 19. h3 h6 20. Qb3 Qc7 21. Bf1 Ne7 22. e4 a6 23. Rc2 Qb8 24. Nd4 Nf6 25. f3 d5 26. cxd5 exd5 27. exd5 Nexd5 {[%emt 0:00:57] [#] aiming for ...Ne3.} 28. Nxd5 Bxd5 29. Rxc8 Qxc8 30. Qc2 Qxc2 31. Nxc2 {[%emt 0:00:03] Black should prevent Ne3.} Rc8 (31... Ra8 $11) 32. Ne3 $16 Bb7 {[%emt 0:03:21] [#]} 33. Nc4 (33. a4 $1 $16) 33... b5 $1 $11 34. Nd6 Rd8 {[%emt 0:02:18] Hoping for ...Ne8.} 35. Be2 (35. Rd3 $5 Bc6 36. Ne4 $14) 35... Bc6 36. Nf5 Rxd1+ 37. Bxd1 {[%emt 0:00:01][%mdl 4096] Endgame Ne7+ would be deadly. KBN-KBN} Kf8 {[%emt 0:00:18] Repels Ne7} 38. Nd4 Bd7 39. Bb3 Ke7 40. Kf2 Ne8 41. Ke3 Nd6 42. Kd3 g6 43. Bd5 Kd8 44. Nb3 Kc7 45. Nc5 Bc8 46. f4 f6 47. Ne6+ Bxe6 48. Bxe6 $14 {[%emt 0:00:02] KB-KN} Nf5 49. Bf7 Ne7 50. Ke4 Kd6 51. g4 (51. h4 $16) 51... g5 $1 $11 {[%emt 0:00:31] The position is equal.} 52. fxg5 hxg5 53. Bb3 Kc6 54. Bf7 Kd6 55. Bb3 Kc6 56. Bf7 {[%emt 0:01:15] Weighted Error Value: White=0.10 (very precise) /Black=0.07 (flawless)} 1/2-1/2

[Event "European Women-ch 2023"]
[Site "Petrovac"]
[Date "2023.03.25"]
[Round "7.6"]
[White "Danielian, Elina"]
[Black "Daulyte-Cornette, Deimante"]
[Result "1/2-1/2"]
[Annotator "TA"]
[ECO "D38"]
[WhiteElo "2431"]
[BlackElo "2344"]
[PlyCount "99"]
[EventDate "2023.03.15"]
[EventType "swiss"]
[EventCountry "MNE"]
[SourceTitle "playchess.com"]
[Source "ChessBase"]
[SourceQuality "1"]
[TimeControl "40/5400+30:1800+30"]

1. d4 d5 2. c4 e6 3. Nc3 Nf6 4. Nf3 Bb4 5. Qa4+ Nc6 6. e3 O-O 7. Bd2 Re8 {[%emt 0:00:49] D38: Queen's Gambit Declined: Ragozin Defence (4 Nf3 Bb4).} 8. a3 Bf8 9. Be2 dxc4 {[%emt 0:21:21] The position is equal.} 10. Bxc4 (10. Qxc4 {is more complex.} e5 11. Ng5 Qe7 12. d5) 10... h6 11. b4 a6 12. Qc2 {[%emt 0:04:13] [#]} e5 $146 ({Predecessor:} 12... b6 13. Rd1 Bb7 14. Bc1 Bd6 15. Ne5 Bxe5 16. dxe5 Nd7 17. f4 Ncxe5 18. fxe5 Qh4+ {0-1 Hedman,E (2362)-Dougherty,M (2066) Reykjavik Kvika op 2022 (9)}) 13. Qa2 ({Not} 13. Qg6 $2 Be6 14. Bxe6 Rxe6 $19) 13... Qd7 14. d5 (14. O-O $11) 14... Na7 $15 15. h3 {[%emt 0:05:15] Prevents Qg4} Nb5 16. Rc1 Nxc3 (16... e4 $17 17. Nh2 Nd6) 17. Bxc3 $11 Bd6 18. Nd2 b5 19. Bb3 Bb7 20. O-O c6 ({Black should try} 20... Qe7 $11) 21. dxc6 $1 $14 Bxc6 22. Rfd1 Rad8 23. Nf1 Qb7 24. f3 Bb8 25. e4 {[%emt 0:03:46] Repels Bd5} Nh5 26. Kh2 {[%emt 0:01:08] Active counter play!} Nf4 27. Ne3 Qe7 (27... Rxd1 $14 28. Rxd1 Rf8) 28. Nf5 $16 Qf6 {[%emt 0:00:23] [#]} 29. Be1 $1 Rxd1 30. Rxd1 {[%emt 0:00:08] Hoping for Bh4.} Ne6 31. Bh4 Ng5 (31... g5 $16) 32. Qc2 {[%emt 0:03:10] Qc5 would be deadly.} Rc8 33. Qc5 Kh7 34. Qe7 {[%emt 0:03:41] Inhibits Bd7.} Qxe7 35. Nxe7 Rc7 36. Nxc6 Rxc6 37. Bxg5 (37. Bd5 $142 Rc7 38. Bf2) 37... hxg5 38. Bxf7 {[%emt 0:00:13][%mdl 4096] Endgame KRB-KRB} Ba7 39. Kg3 Bd4 40. Kg4 Kh6 41. g3 Rc7 42. Bd5 Rc3 43. Rd2 Rxa3 44. Rc2 Bc3 45. Bb7 a5 $1 46. bxa5 b4 $1 47. a6 Kg6 48. h4 gxh4 49. Kxh4 Kf6 50. Bd5 {[%emt 0:03:35] White really could win this.   Weighted Error Value: White=0.12 (very precise) /Black=0.13 (very precise)} 1/2-1/2

[Event "European Women-ch 2023"]
[Site "Petrovac"]
[Date "2023.03.25"]
[Round "7.6"]
[White "Milliet, Sophie"]
[Black "Abdulla, Khayala"]
[Result "1-0"]
[Annotator "TA"]
[ECO "C54"]
[WhiteElo "2404"]
[BlackElo "2221"]
[PlyCount "53"]
[EventDate "2023.03.15"]
[EventType "swiss"]
[EventCountry "MNE"]
[SourceTitle "playchess.com"]
[Source "ChessBase"]
[SourceQuality "1"]
[TimeControl "40/5400+30:1800+30"]

1. e4 e5 2. Nf3 Nc6 3. Bc4 Nf6 4. d3 Bc5 5. c3 d6 6. O-O (6. b4 $5 Bb6 $8 7. O-O $11) 6... a5 {[%emt 0:00:08] C54: Giuoco Piano: 4 c3 Nf6, main lines with 5 d4 and 5 d3.} 7. Re1 O-O 8. Bg5 h6 {[%emt 0:00:29][%cal Bh7h6,Bh6h5,Bh5h4][%mdl 32] White is slightly better.} 9. Bh4 g5 10. Bg3 Ba7 11. Nbd2 Nh7 12. h3 {[%emt 0:04:35] 12.d4 might become the main line.} h5 {[%emt 0:04:32] [#]} 13. d4 $1 $36 {[%emt 0:05:26][%mdl 2048] White has some pressure.} h4 (13... g4 14. Bh4) 14. Bh2 exd4 {[%emt 0:06:20] [#]} 15. e5 $146 ({Predecessor:} 15. Nxd4 Nxd4 16. cxd4 Bxd4 17. Nf3 Bxb2 18. Rb1 Bg7 19. e5 d5 20. Bxd5 c6 21. Bxf7+ Kxf7 {½-½ Carlsen,M (2847)-Aronian,L (2781) NIC Classic KO rapid 2021 (2.22)}) 15... dxc3 16. bxc3 {[%emt 0:01:24] aiming for exd6.} dxe5 (16... d5 $1 $14 17. Bd3 f5) 17. Nxe5 $16 {[%emt 0:00:43][%cal Od1h5] Black must now prevent Qh5!} Nxe5 (17... Qf6 $16 {was necessary.}) 18. Bxe5 $18 Be6 $2 (18... g4) 19. Bxe6 fxe6 {[%emt 0:00:19] [#]} 20. Qh5 $1 Bxf2+ (20... Qxd2 $2 21. Qg6#) 21. Kh1 Rf7 22. Qg6+ Kf8 23. Red1 {[%emt 0:01:59] Hoping for Ne4.} Qe8 $2 (23... Qe7 {is a better defense.}) 24. Rf1 (24. Ne4 $142 Bg3 25. Nxg5 Bxe5 26. Nxh7+ Rxh7 27. Qxh7) 24... Qd7 $2 (24... Ke7) 25. Ne4 Bg3 26. Nxg3 hxg3 27. Qxh7 {[%emt 0:00:21] Artfully played by Milliet.   Weighted Error Value: White=0.24 (precise) /Black=0.60} 1-0

[Event "European Women-ch 2023"]
[Site "Petrovac"]
[Date "2023.03.25"]
[Round "7.6"]
[White "Spalir, Monika"]
[Black "Ter-Avetisjana, Agnesa Stepania"]
[Result "1/2-1/2"]
[Annotator "TA"]
[ECO "B19"]
[WhiteElo "2125"]
[BlackElo "1974"]
[PlyCount "103"]
[EventDate "2023.03.15"]
[EventType "swiss"]
[EventCountry "MNE"]
[SourceTitle "playchess.com"]
[Source "ChessBase"]
[SourceQuality "1"]
[TimeControl "40/5400+30:1800+30"]

1. e4 c6 2. d4 d5 3. Nc3 dxe4 4. Nxe4 Bf5 5. Ng3 Bg6 6. h4 h6 7. Nf3 e6 8. h5 Bh7 9. Bd3 Bxd3 10. Qxd3 Nf6 11. Bd2 c5 12. O-O-O Nc6 {[%emt 0:00:31][%cal Rc5d4] B19: Classical Caro-Kann: 4...Bf5 main line.} 13. Bc3 Qd5 14. dxc5 {[%emt 0:01:04] 14.Kb1 is not played anymore.} Qxd3 15. Rxd3 Bxc5 16. Bxf6 gxf6 17. Ne4 Be7 18. Rhd1 Rd8 19. Rxd8+ Nxd8 20. g3 f5 21. Nd6+ Bxd6 22. Rxd6 $11 {[%emt 0:00:01][%mdl 4096] Endgame KRN-KRN} Ke7 {[%emt 0:00:01] [#]} 23. Rd2 $146 ({Predecessor:} 23. Rd3 Nc6 24. b4 a6 25. a3 Rg8 26. c4 Rg4 27. Rc3 Nd4 28. Nxd4 Rxd4 29. c5 {½-½ Lajthajm,B (2414)-Ratkovic,M (2411) SRB-chT Subotica 2019 (1.6)}) 23... Nc6 24. Nd4 Rc8 ({Better is} 24... Ne5 $15) 25. b3 Nxd4 26. Rxd4 $15 {[%emt 0:00:02] KR-KR} e5 27. Rd5 Ke6 28. c4 Rg8 29. Rb5 b6 30. a4 Rd8 31. a5 Rd6 32. c5 bxc5 33. Rxc5 Kf6 34. Rc7 a6 35. Kc2 {[%emt 0:08:28] Prevents Rd3} e4 36. b4 Kg5 $1 37. Rxf7 {[%emt 0:02:30] Rb7 is the strong threat.} Kg4 $1 38. Kc1 ({White should play} 38. Kc3 $14) 38... Rd4 $11 {[%emt 0:02:48] The position is equal.} 39. b5 axb5 40. a6 Ra4 41. a7 b4 42. Kc2 {[%emt 0:05:44] [#] And now Kb3 would win.} Ra3 43. Kb2 Kg5 44. Rg7+ Kf6 $1 45. Rb7 Kg5 46. Rh7 (46. Rxb4 $2 {is the wrong capture.} Rxa7 47. f3 exf3 $19) 46... Kg4 47. Rf7 ({Reject} 47. Rxh6 Rxa7 48. Rf6 Rh7 $17) 47... Kg5 48. Rg7+ Kf6 $1 49. Rb7 Kg5 50. Rf7 (50. Rxb4 $2 Rxa7 51. Rb5 Rd7 $19) 50... Kg4 51. Kc2 Kg5 52. Kb2 {[%emt 0:01:38] Weighted Error Value: White=0.04 (flawless) /Black=0.04 (flawless)} 1/2-1/2

[Event "European Women-ch 2023"]
[Site "Petrovac"]
[Date "2023.03.25"]
[Round "7.7"]
[White "Wagner, Dinara"]
[Black "Unuk, Laura"]
[Result "1/2-1/2"]
[Annotator "TA"]
[ECO "D45"]
[WhiteElo "2411"]
[BlackElo "2297"]
[PlyCount "37"]
[EventDate "2023.03.15"]
[EventType "swiss"]
[EventCountry "MNE"]
[SourceTitle "playchess.com"]
[Source "ChessBase"]
[SourceQuality "1"]
[TimeControl "40/5400+30:1800+30"]

1. d4 Nf6 2. c4 e6 3. Nf3 d5 4. Nc3 c6 5. e3 Nbd7 6. Qc2 Bd6 7. b3 O-O 8. Be2 b6 9. Bb2 Bb7 10. O-O Rc8 11. e4 dxe4 12. Nxe4 {[%emt 0:00:24] The position is equal.} Nxe4 {[%emt 0:10:48] D45: Semi-Slav: 5 e3.} 13. Qxe4 Nf6 14. Qh4 c5 15. dxc5 Bxc5 16. Rad1 Qe7 17. Bd3 {[%emt 0:05:34] [#] Bxf6 would be deadly.} Ne4 18. Qh5 f5 {[%emt 0:05:45] [#]} 19. Bd4 $146 {[%emt 0:10:09] An uneventful encounter.   Weighted Error Value: White=0.02 (flawless) /Black=0.00 (flawless)} ({Predecessor:} 19. Bxe4 fxe4 20. Ne5 Rcd8 21. Rxd8 Rxd8 22. Rd1 Rxd1+ 23. Qxd1 e3 24. fxe3 Qg5 25. Qf1 Bxe3+ {0-1 Jacob,V (2276)-Gustafsson,J (2628) Bundesliga 1314 2013 (4.6)}) 1/2-1/2